SAA
TACOMA FUR TRADERS @ YAKIMA HOPS
07/10/2037
 
TOP OF THE 1ST
Tacoma Fur Traders batting - Pitching for Yakima Hops : RHP Aurelio Ortíz
Pitching: RHP Aurelio Ortíz
Batting: RHB Jeremy Geertsen 0-0: Called Strike
0-1: Foul Ball, location: 2F
0-2: Ground out 6-3 (Groundball, 6S, EV 85.0 MPH)
Batting: RHB Abel Murphy 0-0: Ball
1-0: Ground out 5-3 (Groundball, 5S, EV 78.8 MPH)
Batting: RHB Robin Colwill 0-0: Foul Ball, location: 2F
0-1: Called Strike
0-2: Ball
1-2: Strikes out swinging
Top of the 1st over - 0 runs, 0 hits, 0 errors, 0 left on base; Tacoma 0 - Yakima 0
BOTTOM OF THE 1ST
Yakima Hops batting - Pitching for Tacoma Fur Traders : RHP Ralph Johnston
Pitching: RHP Ralph Johnston
Batting: RHB Roger Campbell 0-0: Ball
1-0: Ball
2-0: Called Strike
2-1: Ball
3-1: Foul Ball, location: 2F
3-2: Foul Ball, location: 2F
3-2: DOUBLE (Line Drive, 9LS, EV 108.8 MPH)
Batting: SHB Rafael Bregonzi 0-0: Called Strike
0-1: Fly out, F9 (Flyball, 9, EV 93.1 MPH)
Batting: RHB Tony Hernández 0-0: Foul Ball, location: 2F
0-1: Ball
1-1: Foul Ball, location: 2F
1-2: Ground out 4-3 (Groundball, 4, EV 82.5 MPH)
Roger Campbell to third
Batting: LHB Juan Arellano 0-0: Called Strike
0-1: Ball
1-1: Ball
2-1: Foul Ball, location: 2F
2-2: Strikes out swinging
Bottom of the 1st over - 0 runs, 1 hit, 0 errors, 1 left on base; Tacoma 0 - Yakima 0
TOP OF THE 2ND
Tacoma Fur Traders batting - Pitching for Yakima Hops : RHP Aurelio Ortíz
Batting: LHB Tom Washington 0-0: SINGLE (Flyball, 7LM, EV 107.5 MPH)
Batting: RHB John Fitzgerald 0-0: Foul Ball, location: 2F
0-1: Called Strike
0-2: Strikes out swinging
Batting: RHB Fernando Acevedo 0-0: Ball
1-0: Ball
2-0: Foul Ball, location: 2F
2-1: Foul Ball, location: 2F
2-2: Ball
3-2: Strikes out swinging
Batting: RHB Eun-bum Song 0-0: Called Strike
0-1: Foul Ball, location: 2F
0-2: Strikes out looking
Top of the 2nd over - 0 runs, 1 hit, 0 errors, 1 left on base; Tacoma 0 - Yakima 0
BOTTOM OF THE 2ND
Yakima Hops batting - Pitching for Tacoma Fur Traders : RHP Ralph Johnston
Batting: RHB Cornelius Adkison 0-0: Ball
1-0: Ball
2-0: Ball
3-0: Called Strike
3-1: Base on Balls
Batting: LHB Armando Cedeño Pickoff Throw to First - Error! E1
Cornelius Adkison to second
0-0: Called Strike
0-1: Ball
1-1: Ball
2-1: Foul Ball, location: 2F
2-2: Ball
3-2: SINGLE (Groundball, 56D, EV 111.9 MPH)
Cornelius Adkison to third
Runner from 3rd tries for Home, SAFE, no throw by LF
Batting: RHB Reynaldo Torres 0-0: Ball
1-0: Foul Ball, location: 2F
1-1: Ball
2-1: Ball
3-1: Base on Balls
Armando Cedeño to second
Batting: SHB Sean Reinhard 0-0: Ground out 3-1 (Groundball, 3S, EV 74.4 MPH)
Armando Cedeño to third
Reynaldo Torres to second
Batting: RHB Jim McMahon 0-0: SINGLE (Line Drive, 9S, EV 111.2 MPH)
Armando Cedeño scores
Reynaldo Torres to third
Batting: RHB Roger Campbell 0-0: Ball
Jim McMahon steals 2nd base
1-0: Ball
2-0: SINGLE (Groundball, 5D, EV 94.4 MPH)
Reynaldo Torres scores
Jim McMahon to third
Runner from 3rd tries for Home, SAFE, throw by LF to home
Batting: SHB Rafael Bregonzi 0-0: Called Strike
0-1: Fly out, F4 (Popup, 3D, EV 56.9 MPH)
Batting: RHB Tony Hernández 0-0: Ball
1-0: Ball
2-0: Ball
3-0: Called Strike
3-1: Foul Ball, location: 2F
3-2: Foul Ball, location: 2F
3-2: SINGLE (Line Drive, 89S, EV 94.4 MPH)
Roger Campbell to second
Roger Campbell to third
Batting: LHB Juan Arellano 0-0: Ball
1-0: Ball
2-0: Called Strike
2-1: Foul Ball, location: 2F
2-2: Foul Ball, location: 2F
2-2: Ground out 4-3 (Groundball, 4, EV 101.2 MPH)
Bottom of the 2nd over - 4 runs, 4 hits, 1 error, 2 left on base; Tacoma 0 - Yakima 4
TOP OF THE 3RD
Tacoma Fur Traders batting - Pitching for Yakima Hops : RHP Aurelio Ortíz
Batting: RHB Raúl Ocasio 0-0: Called Strike
0-1: Foul Ball, location: 2F
0-2: Strikes out swinging
Batting: RHB Bartolo Ramos 0-0: Ball
1-0: Ball
2-0: Swinging Strike
2-1: Fly out, F8 (Line Drive, 8RM, EV 104.4 MPH)
Batting: RHB Jeremy Geertsen 0-0: Ground out 5-3 (Groundball, 56, EV 92.5 MPH)
Top of the 3rd over - 0 runs, 0 hits, 0 errors, 0 left on base; Tacoma 0 - Yakima 4
BOTTOM OF THE 3RD
Yakima Hops batting - Pitching for Tacoma Fur Traders : RHP Ralph Johnston
Batting: RHB Cornelius Adkison 0-0: Ball
1-0: Called Strike
1-1: Ground out 5-3 (Groundball, 5, EV 83.8 MPH)
Batting: LHB Armando Cedeño 0-0: Ball
1-0: Ball
2-0: Ball
3-0: Base on Balls
Batting: RHB Reynaldo Torres 0-0: Ball
Wild Pitch!
Armando Cedeño to second
1-0: Ball
2-0: Ball
3-0: Called Strike
3-1: Base on Balls
Batting: SHB Sean Reinhard 0-0: Foul Ball, location: 2F
0-1: Ball
1-1: Ground out 4-3 (Groundball, 4MS, EV 70.6 MPH)
Armando Cedeño to third
Reynaldo Torres to second
Batting: RHB Jim McMahon 0-0: Ball
1-0: Foul Ball, location: 2F
1-1: Ground out 5-3 (Groundball, 56, EV 85.0 MPH)
Bottom of the 3rd over - 0 runs, 0 hits, 0 errors, 2 left on base; Tacoma 0 - Yakima 4
TOP OF THE 4TH
Tacoma Fur Traders batting - Pitching for Yakima Hops : RHP Aurelio Ortíz
Batting: RHB Abel Murphy 0-0: Ball
1-0: Ground out 6-3 (Groundball, 6, EV 102.5 MPH)
Batting: RHB Robin Colwill 0-0: Ball
1-0: Foul Ball, location: 2F
1-1: Ball
2-1: Foul Ball, location: 2F
2-2: Ground out 5-3 (Groundball, 56S, EV 66.2 MPH)
Batting: LHB Tom Washington 0-0: Ball
1-0: Swinging Strike
1-1: Foul Ball, location: 2F
1-2: Ball
2-2: Foul Ball, location: 2F
2-2: Strikes out swinging
Top of the 4th over - 0 runs, 0 hits, 0 errors, 0 left on base; Tacoma 0 - Yakima 4
BOTTOM OF THE 4TH
Yakima Hops batting - Pitching for Tacoma Fur Traders : RHP Ralph Johnston
Batting: RHB Roger Campbell 0-0: Called Strike
0-1: Ball
1-1: Ball
2-1: Foul Ball, location: 2F
2-2: Foul Ball, location: 2F
2-2: Ball
3-2: Fly out, F7 (Line Drive, 7, EV 111.9 MPH)
Batting: SHB Rafael Bregonzi 0-0: Ball
1-0: Fly out, F2 (Popup, 5SF, EV 78.1 MPH)
Batting: RHB Tony Hernández 0-0: Ball
1-0: Called Strike
1-1: Ground out 1-3 (Groundball, 34S, EV 88.8 MPH)
Bottom of the 4th over - 0 runs, 0 hits, 0 errors, 0 left on base; Tacoma 0 - Yakima 4
TOP OF THE 5TH
Tacoma Fur Traders batting - Pitching for Yakima Hops : RHP Aurelio Ortíz
Batting: RHB John Fitzgerald 0-0: Ball
1-0: Foul Ball, location: 2F
1-1: Swinging Strike
1-2: Foul Ball, location: 2F
1-2: Fly out, F3 (Popup, 23F, EV 88.8 MPH)
Batting: RHB Fernando Acevedo 0-0: Called Strike
0-1: Ball
1-1: Swinging Strike
1-2: Ball
2-2: Strikes out swinging
Batting: RHB Eun-bum Song 0-0: Ground out 5-3 (Groundball, 56, EV 108.1 MPH)
Top of the 5th over - 0 runs, 0 hits, 0 errors, 0 left on base; Tacoma 0 - Yakima 4
BOTTOM OF THE 5TH
Yakima Hops batting - Pitching for Tacoma Fur Traders : RHP Ralph Johnston
Batting: LHB Juan Arellano 0-0: Ball
1-0: Called Strike
1-1: Foul Ball, location: 2F
1-2: Foul Ball, location: 2F
1-2: Ball
2-2: Ball
3-2: Fly out, F7 (Flyball, 7D, EV 107.5 MPH)
Batting: RHB Cornelius Adkison 0-0: Ball
1-0: Ball
2-0: Called Strike
2-1: Foul Ball, location: 2F
2-2: Ball
3-2: Foul Ball, location: 2F
3-2: Foul Ball, location: 2F
3-2: Base on Balls
Batting: LHB Armando Cedeño 0-0: Ball
1-0: Foul Ball, location: 2F
1-1: Called Strike
1-2: Ball
2-2: Foul Ball, location: 2F
2-2: Fly out, F7 (Flyball, 78M, EV 90.6 MPH)
Batting: RHB Reynaldo Torres 0-0: Fielders Choice at 2nd, 5-4 (Groundball, 56, EV 84.4 MPH)
Bottom of the 5th over - 0 runs, 0 hits, 0 errors, 1 left on base; Tacoma 0 - Yakima 4
TOP OF THE 6TH
Tacoma Fur Traders batting - Pitching for Yakima Hops : RHP Aurelio Ortíz
Batting: RHB Raúl Ocasio 0-0: Ball
1-0: Foul Ball, location: 2F
1-1: Swinging Strike
1-2: Ball
2-2: Foul Ball, location: 2F
2-2: Foul Ball, location: 2F
2-2: Foul Ball, location: 2F
2-2: Strikes out swinging
Batting: RHB Bartolo Ramos 0-0: Ball
1-0: Ball
2-0: Ball
3-0: Called Strike
3-1: Foul Ball, location: 2F
3-2: Strikes out swinging
Batting: RHB Jeremy Geertsen 0-0: Ball
1-0: SINGLE (Groundball, 4MS, EV 75.0 MPH) (infield hit)
Batting: RHB Abel Murphy 0-0: Ball
Jeremy Geertsen is caught stealing 2nd base 2-4
Top of the 6th over - 0 runs, 1 hit, 0 errors, 0 left on base; Tacoma 0 - Yakima 4
BOTTOM OF THE 6TH
Yakima Hops batting - Pitching for Tacoma Fur Traders : RHP Ralph Johnston
Pitching: LHP Sherman Harrison
Batting: SHB Sean Reinhard 0-0: Called Strike
0-1: Ball
1-1: Ball
2-1: Ball
3-1: Foul Ball, location: 2F
3-2: Strikes out looking
Batting: RHB Jim McMahon 0-0: Ball
1-0: Swinging Strike
1-1: SOLO HOME RUN (Line Drive, 7LD, EV 103.8 MPH), Distance : 367 ft
Batting: RHB Roger Campbell 0-0: Ball
1-0: Ball
2-0: Called Strike
2-1: Called Strike
2-2: Ball
3-2: Strikes out swinging
Batting: SHB Rafael Bregonzi 0-0: Ball
1-0: Swinging Strike
1-1: Called Strike
1-2: Foul Ball, location: 2F
1-2: Foul Ball, location: 2F
1-2: Foul Ball, location: 2F
1-2: Ball
2-2: Strikes out swinging
Bottom of the 6th over - 1 run, 1 hit, 0 errors, 0 left on base; Tacoma 0 - Yakima 5
TOP OF THE 7TH
Tacoma Fur Traders batting - Pitching for Yakima Hops : RHP Aurelio Ortíz
Batting: RHB Abel Murphy 0-0: Swinging Strike
0-1: Ball
1-1: Swinging Strike
1-2: Strikes out looking
Batting: RHB Robin Colwill 0-0: Ball
1-0: Ball
2-0: Called Strike
2-1: Swinging Strike
2-2: Strikes out swinging
Batting: LHB Tom Washington 0-0: Called Strike
0-1: Ball
1-1: Ball
2-1: Foul Ball, location: 2F
2-2: Strikes out swinging
Top of the 7th over - 0 runs, 0 hits, 0 errors, 0 left on base; Tacoma 0 - Yakima 5
BOTTOM OF THE 7TH
Yakima Hops batting - Pitching for Tacoma Fur Traders : LHP Sherman Harrison
Batting: RHB Tony Hernández 0-0: Foul Ball, location: 2F
0-1: Swinging Strike
0-2: Strikes out looking
Batting: LHB Juan Arellano 0-0: Ball
1-0: Ball
2-0: Ball
3-0: Base on Balls
Batting: RHB Cornelius Adkison 0-0: Called Strike
0-1: Ball
1-1: Called Strike
1-2: Ball
2-2: Fielders Choice at 2nd, 5-4 (Groundball, 56S, EV 83.1 MPH)
Batting: LHB Armando Cedeño 0-0: Ball
1-0: Fly out, F9 (Flyball, 9S, EV 83.8 MPH)
Bottom of the 7th over - 0 runs, 0 hits, 0 errors, 1 left on base; Tacoma 0 - Yakima 5
TOP OF THE 8TH
Tacoma Fur Traders batting - Pitching for Yakima Hops : RHP Aurelio Ortíz
Batting: RHB John Fitzgerald 0-0: Foul Ball, location: 2F
0-1: Ball
1-1: Swinging Strike
1-2: Foul Ball, location: 2F
1-2: Foul Ball, location: 2F
1-2: Foul Ball, location: 2F
1-2: Fly out, F7 (Flyball, 78D, EV 95.0 MPH)
Pitching: RHP Steve Barnett
Batting: RHB Fernando Acevedo 0-0: SINGLE (Flyball, 9S, EV 88.1 MPH)
Batting: RHB Eun-bum Song 0-0: Ball
1-0: Foul Ball, location: 2F
1-1: Foul Ball, location: 2F
1-2: Strikes out swinging
Batting: RHB Raúl Ocasio 0-0: Foul Ball, location: 2F
0-1: Foul Ball, location: 2F
0-2: Ball
1-2: Ball
2-2: Strikes out swinging
Top of the 8th over - 0 runs, 1 hit, 0 errors, 1 left on base; Tacoma 0 - Yakima 5
BOTTOM OF THE 8TH
Yakima Hops batting - Pitching for Tacoma Fur Traders : LHP Sherman Harrison
Batting: RHB Reynaldo Torres 0-0: Swinging Strike
0-1: Foul Ball, location: 2F
0-2: Ball
1-2: Foul Ball, location: 2F
1-2: Ball
2-2: Ground out U3 (Groundball, 34, EV 75.0 MPH)
Batting: SHB Sean Reinhard 0-0: Ball
1-0: Fly out, F9 (Flyball, 9D, EV 82.5 MPH)
Batting: RHB Jim McMahon 0-0: Called Strike
0-1: Ball
1-1: SINGLE (Line Drive, 7S, EV 92.5 MPH)
Batting: RHB Roger Campbell 0-0: Called Strike
0-1: Ball
1-1: SINGLE (Line Drive, 78M, EV 85.6 MPH)
Jim McMahon to second
Batting: SHB Rafael Bregonzi 0-0: Ball
1-0: Ball
2-0: Foul Ball, location: 2F
2-1: Foul Ball, location: 2F
2-2: Ball
3-2: Foul Ball, location: 2F
3-2: Base on Balls
Jim McMahon to third
Roger Campbell to second
Pitching: LHP Jeremy Sears
Batting: RHB Tony Hernández 0-0: SINGLE (Flyball, 7LM, EV 105.0 MPH)
Jim McMahon scores
Roger Campbell to third
Rafael Bregonzi to second
Runner from 3rd tries for Home, SAFE, no throw by LF
Batting: LHB Juan Arellano 0-0: Foul Ball, location: 2F
0-1: Swinging Strike
0-2: Strikes out looking
Bottom of the 8th over - 2 runs, 3 hits, 0 errors, 2 left on base; Tacoma 0 - Yakima 7
TOP OF THE 9TH
Tacoma Fur Traders batting - Pitching for Yakima Hops : RHP Steve Barnett
Batting: RHB Bartolo Ramos 0-0: Called Strike
0-1: Fly out, F8 (Line Drive, 8RM, EV 93.1 MPH)
Pinch Hitting: RHB Jeff Faulkner 0-0: Ball
1-0: Ground out 6-3 (Groundball, 6S, EV 81.9 MPH)
Batting: RHB Abel Murphy 0-0: Called Strike
0-1: Ball
1-1: Ball
2-1: Ground out U3 (Groundball, 34, EV 88.1 MPH)
Top of the 9th over - 0 runs, 0 hits, 0 errors, 0 left on base; Tacoma 0 - Yakima 7
Thursday, January 23rd, 2020 - OOTP Baseball 20.8 Build 74